 Dungeon Crawl Stone Soup version 0.24.0-7-gb3623d2c88 (webtiles) character file.

Game seed: 2399097930478093063, levelgen mode: deterministic

158 Delamore the Chopper (level 5, -5/45 HPs)
             Began as a Hill Orc Monk on Nov 2, 2019.
             Was a Believer of Beogh.
             Slain by an orc warrior
             ... wielding a +0 glaive
              (10 damage)
             ... on level 3 of the Dungeon.
             The game lasted 00:07:01 (2606 turns).

Delamore the Chopper (Hill Orc Monk)                Turns: 2606, Time: 00:07:02

Health: -5/45      AC:  7    Str: 15    XL:     5   Next: 39%
Magic:  5/5        EV: 10    Int: 10    God:    Beogh [**....]
Gold:   165        SH:  0    Dex: 13    Spells: 4/4 levels left

rFire    x . .     SeeInvis .   a - +0 hand axe
rCold    + . .     Gourm    .   (no shield)
rNeg     . . .     Faith    .   p - +0 scale mail
rPois    .         Spirit   .   (no helmet)
rElec    .         Reflect  .   (no cloak)
rCorr    .         Harm     .   t - +0 pair of gloves
MR       .....                  (no boots)
Stlth    ..........             (no amulet)
HPRegen  0.15/turn              n - ring of attention (curse)
MPRegen  0.09/turn              w - ring of ice

@: no status effects
A: no striking features
a: Smiting, Renounce Religion


You were on level 3 of the Dungeon.
You worshipped Beogh.
Beogh was pleased with you.
You were not hungry.

You visited 1 branch of the dungeon, and saw 3 of its levels.

You collected 165 gold pieces.

Inventory:

Hand Weapons
 a - a +0 hand axe (weapon)
 l - a +0 short sword
 r - a cursed -1 mace
Missiles
 k - 20 poisoned darts (quivered)
Armour
 b - a +0 robe
 p - a +0 scale mail (worn)
 t - a +0 pair of gloves (worn)
Jewellery
 n - a cursed ring of attention (left hand)
 w - a ring of ice (right hand)
Scrolls
 e - a scroll of fear {unknown}
 g - a scroll of teleportation {unknown}
 h - a scroll of enchant weapon {unknown}
 j - a scroll of blinking {unknown}
 m - a scroll of amnesia {unknown}
 o - a scroll of remove curse {unknown}
Potions
 d - a potion of degeneration {unknown}
 f - a potion of heal wounds {unknown}
 i - a potion of lignification {unknown}
 q - 2 potions of might {unknown}
 s - a potion of berserk rage {unknown}
 v - a potion of cancellation {unknown}
 x - a potion of haste {unknown}
Comestibles
 c - 2 rations


   Skills:
 - Level 3.6 Fighting
 + Level 7.1 Axes
 + Level 1.0 Throwing
 + Level 1.6 Armour
 - Level 2.4 Dodging
 - Level 1.5 Stealth


You had 4 spell levels left.
You didn't know any spells.
Your spell library was empty.

Dungeon Overview and Level Annotations

Branches:
Dungeon (3/15)

Altars:


Message History

The orc priest dies!
You hear a shout! x2
An orc warrior comes into view. It is wielding a +0 glaive.
An orc warrior is nearby!
The orc warrior hits you from afar with a +0 glaive.
You see here a ring of attention. 2 orcs come into view.
The orc shouts! x2
The orc warrior hits you with a +0 glaive!
The orc hits you from afar with a cursed -3 trident.
You barely miss the orc warrior.
The orc warrior hits you with a +0 glaive!!
Ouch! That really hurt!
* * * LOW HITPOINT WARNING * * *
The orc closely misses you.
Unknown command.
You see here a ring of attention.
The orc warrior hits you from afar with a +0 glaive!
You die...
Beogh appreciates the orc warrior's killing of a heretic priest.

#. #.# .### #.# ..#
##.# #.# #..# ##.##
#..# #######...###..#
#..............#
.###.##.#####...###.##
.......@...###.## #.#
.###.###.....#.# #.#
#o###.#.####.# #o#
#........# ....o.[.#
#...######
....###.....### ##
#######


You could see an orc warrior and an orc.

Vanquished Creatures
  Natasha (D:3)
  6 adders
  2 oozes
  4 worms
  2 dart slugs
  A leopard gecko (D:1)
  6 orcs (D:3)
  4 giant cockroaches
  2 goblins
  4 hobgoblins
  3 quokkas
  A ball python (D:2)
  5 bats
  6 frilled lizards
  4 kobolds
  3 rats
54 creatures vanquished.

Vanquished Creatures (others)
  An orc priest (D:3)
1 creature vanquished.

Grand Total: 55 creatures vanquished

Notes
Turn   | Place    | Note
-------+----------+-------------------------------------------
     0 | D:1      | Delamore the Hill Orc Monk began the quest for the Orb.
     0 | D:1      | Reached XP level 1. HP: 19/19 MP: 1/1
   111 | D:1      | Reached XP level 2. HP: 26/26 MP: 2/2
   316 | D:1      | Reached skill level 5 in Axes
   912 | D:2      | Reached XP level 3. HP: 22/31 MP: 3/3
  1835 | D:2      | Reached skill level 6 in Axes
  1863 | D:2      | Reached skill level 1 in Throwing
  1894 | D:2      | Reached XP level 4. HP: 35/39 MP: 4/4
  2249 | D:3      | Reached skill level 1 in Armour
  2431 | D:3      | Noticed Natasha
  2440 | D:3      | Killed Natasha
  2440 | D:3      | Reached skill level 7 in Axes
  2440 | D:3      | Reached XP level 5. HP: 43/45 MP: 5/5
  2588 | D:3      | Became a worshipper of Beogh the Brigand
  2588 | D:3      | Reached * piety under Beogh
  2588 | D:3      | Reached ** piety under Beogh
  2599 | D:3      | Noticed an orc warrior
  2606 | D:3      | Slain by an orc warrior

Levels and vault maps discovered:
D:1:      dpeg_arrival_central, layout_basic, minmay_lizard_pond
D:2:      layout_rooms, grunt_ministairs_11
D:3:      layout_loops_ring, uniq_natasha

Skill      XL: |  1  2  3  4 |
---------------+-------------+-----
Axes           | 5 6 7 |  7.1
Throwing       | 1 |  1.0
Armour         | 1 |  1.6
Fighting       | |  3.6
Dodging        | |  2.4
Stealth        | |  1.5

Action                   |  1- 3 |  4- 6 || total
-------------------------+-------+-------++-------
Melee: Hand axe          |   128 |   131 ||   259
Throw: Dart              |     4 |     6 ||    10
Invok: Convert to Beogh  |       |     1 ||     1
 Stab: Sleeping          |     1 |       ||     1
  Eat: Chunk             |     3 |     3 ||     6
Armor: Robe              |    10 |       ||    10
       Scale mail        |    10 |    62 ||    72
Dodge: Dodged            |    76 |    66 ||   142
